Vegas Golden Knights vs Minnesota North Stars
Created - Friday, June 23, 2023 at 06:29
Goals
|
| Vegas Golden Knights |
1 |
1 |
0 |
0 |
0 |
2 |
| Minnesota North Stars |
2 |
0 |
0 |
0 |
2 |
3 |
|
Shots
|
| Vegas Golden Knights |
8 |
13 |
10 |
0 |
2 |
31 |
| Minnesota North Stars |
11 |
7 |
6 |
1 |
2 |
25 |
|
1st period
1. Minnesota North Stars , Evgeni Malkin 32 (Jack Hughes 46, Anthony Duclair 41) at 7:16
2. Vegas Golden Knights , Jaden Schwartz 23 (Vladislav Namestnikov 11) at 9:41 (PP)
3. Minnesota North Stars , Conor Sheary 10 (Nino Niederreiter 11, Andrew Poturalski 17) at 13:37
Penalties :
Gustav Forsling (MNS) for Interference (Minor) at 9:05, Andrew Peeke (VGK) for Interference (Minor) at 16:59
2nd period
4. Vegas Golden Knights , Jonathan Drouin 14 (Vladislav Namestnikov 12, Zach Parise 21) at 16:55
Penalties :
Marc Staal (VGK) for Hooking (Minor) at 1:29, John Marino (VGK) for Hooking (Minor) at 6:15, Anthony Duclair (MNS) for Holding Stick (Minor) at 16:58
3rd period
No Goal
Penalties :
Vladislav Namestnikov (VGK) for Hooking (Minor) at 6:56, Zdeno Chara (MNS) for Fighting (Major) at 11:35, Tom Wilson (VGK) for Fighting (Major) at 11:35
Overtime #1
No Goal
Penalties :
No Penalty
Shootout
Vegas Golden Knights, Artemi Panarin - Stopped by Brian Elliott
Minnesota North Stars, Evgeni Malkin - Goal!
Vegas Golden Knights, Rickard Rakell - Stopped by Brian Elliott
Minnesota North Stars, Jack Hughes - Goal!
Penalties :
No Penalty
Goalie Stats
Philipp Grubauer (VGK), 23 saves from 25 shots - (0.920), OTL, 14-17-4, 65:00 minutes
Brian Elliott (MNS), 29 saves from 31 shots - (0.935), W, 28-19-1, 65:00 minutes
Players Stats for Vegas Golden Knights
Player Name G A P +/- PIM S H SB GA TA FO MP PP MP PK MP
------------------------------------------------------------------------------------
Andreas Johnsson 0 0 0 0 0 0 0 1 0 0 0/0 9:16 1:10 0:00
Andrew Peeke 0 0 0 0 2 3 1 1 0 1 0/0 22:57 0:00 2:58
Anthony Cirelli 0 0 0 0 0 2 5 0 0 0 5/10 19:49 0:06 2:45
Artemi Panarin 0 0 0 -2 0 4 0 0 3 0 0/3 19:09 1:20 0:00
Brian Dumoulin 0 0 0 0 0 3 1 1 0 3 0/0 24:54 0:00 4:03
Colin White 0 0 0 0 0 1 0 1 0 0 2/4 11:40 1:19 0:00
Jaden Schwartz 1 0 1 0 0 4 1 1 1 1 0/1 17:57 1:57 0:41
John Marino 0 0 0 0 2 0 3 2 1 2 0/0 28:07 0:38 3:13
Jonathan Drouin 1 0 1 1 0 3 0 1 0 0 0/0 11:47 0:05 0:00
Jordan Staal 0 0 0 -2 0 0 0 1 0 0 19/25 22:50 0:00 4:45
Marc Staal 0 0 0 0 2 3 0 0 0 2 0/0 23:59 0:00 2:55
Marc-Edouard Vlasic 0 0 0 -1 0 0 1 1 0 0 0/0 6:55 0:00 1:55
P.K. Subban 0 0 0 -1 0 0 2 2 0 0 0/0 17:42 1:57 0:48
Rickard Rakell 0 0 0 0 0 4 3 0 0 0 0/0 16:30 1:10 0:00
Tom Wilson 0 0 0 -2 5 2 3 1 1 1 0/3 20:34 1:20 4:48
Victor Olofsson 0 0 0 0 0 0 0 0 0 0 0/1 11:18 0:38 0:00
Vladislav Namestnikov 0 2 2 1 2 0 4 0 0 1 3/8 12:18 1:10 0:37
Zach Parise 0 1 1 1 0 2 1 0 0 2 0/1 14:17 0:05 2:16
Players Stats for Minnesota North Stars
Player Name G A P +/- PIM S H SB GA TA FO MP PP MP PK MP
------------------------------------------------------------------------------------
Adam Lowry 0 0 0 -1 0 0 2 0 0 0 5/7 10:31 0:00 0:13
Alex Goligoski 0 0 0 0 0 0 0 1 0 0 0/0 19:55 3:40 0:00
Andrew Poturalski 0 1 1 1 0 0 0 0 0 0 2/3 8:05 0:00 0:00
Anthony Duclair 0 1 1 1 2 1 2 1 1 0 0/1 22:52 4:25 0:00
Conor Sheary 1 0 1 1 0 4 1 0 2 0 0/0 8:05 0:00 0:00
Evgeni Malkin 1 0 1 1 0 3 2 0 3 0 14/29 23:57 4:28 0:05
Gustav Forsling 0 0 0 0 2 1 0 2 0 0 0/0 22:34 4:16 0:48
Gustav Nyquist 0 0 0 -1 0 1 1 0 0 0 0/0 12:14 0:03 0:49
Jack Hughes 0 1 1 1 0 2 0 1 1 0 0/4 24:37 3:28 1:33
Jeff Skinner 0 0 0 0 0 2 1 2 1 1 0/0 19:37 4:28 0:13
Jonathan Toews 0 0 0 0 0 2 4 1 0 0 6/11 16:13 0:00 1:31
Neal Pionk 0 0 0 0 0 1 0 0 0 0 0/0 21:17 3:40 0:48
Nick Holden 0 0 0 0 0 1 0 2 0 2 0/0 15:33 0:00 0:00
Nino Niederreiter 0 1 1 1 0 1 1 0 3 0 0/1 8:05 0:00 0:00
Rasmus Dahlin 0 0 0 1 0 2 5 3 1 1 0/0 29:03 4:16 1:47
Viktor Arvidsson 0 0 0 0 0 2 0 1 1 0 0/0 16:53 3:28 0:00
Yegor Sharangovich 0 0 0 -1 0 1 2 0 0 2 0/0 16:15 3:28 0:46
Zdeno Chara 0 0 0 1 5 1 2 0 0 0 0/0 21:36 0:00 1:47
3 Stars
1 - Evgeni Malkin (MNS)
2 - Conor Sheary (MNS)
3 - Vladislav Namestnikov (VGK)
Power Play
Vegas Golden Knights - 1 on 2 Attempt(s) - 50.00%
Minnesota North Stars - 0 on 4 Attempt(s) - 0.00%
Penalty Kill
Vegas Golden Knights - 4 on 4 Attempt(s) - 100.00%
- Score 0 goal in Penalty Kill
Minnesota North Stars - 1 on 2 Attempt(s) - 50.00%
- Score 0 goal in Penalty Kill
Team Stat
Vegas Golden Knights - Hits : 25 - Faceoff Wins : 29 - Blocked Shots : 13 - Penalty Minutes : 13
Minnesota North Stars - Hits : 23 - Faceoff Wins : 27 - Blocked Shots : 14 - Penalty Minutes : 9
Official
Referees : Tim Peel and Kendrick Nicholson
Linesman : Tony Sericolo and Michel Cormier
Game Notes
Marc-Edouard Vlasic is injured at 3:08 of 2nd period (Left Knee)
Zdeno Chara and Tom Wilson fight to a draw at 11:35 of 3rd period
Finance
Level 1 -- Attendance: 4708 (78.47%) -- Ticket Income $470,800
Level 2 -- Attendance: 3949 (78.98%) -- Ticket Income $236,940
Level 3 -- Attendance: 2265 (75.50%) -- Ticket Income $79,275
Level 4 -- Attendance: 3427 (68.54%) -- Ticket Income $85,675
Luxury Box -- Attendance: 801 (80.10%) -- Ticket Income $160,200
Game was played at the Met Center.
Total Attendance: 15150 (75.75%)
Total Ticket Income: $1,032,890
Other Income: $361,512
Total Income: $1,394,402
Vegas Golden Knights
5 vs 5 Forward
Center Left Wing Right Wing Time % Phy DF OF
1 Jordan Staal Artemi Panarin Tom Wilson 40 1 2 2
2 Anthony Cirelli Jaden Schwartz Rickard Rakell 30 1 2 2
3 Vladislav Namestnikov Zach Parise Jonathan Drouin 20 1 2 2
4 Colin White Andreas Johnsson Victor Olofsson 10 1 2 2
5 vs 5 Defense
Defense Defense Time % Phy DF OF
1 Brian Dumoulin John Marino 40 1 2 2
2 Marc Staal Andrew Peeke 30 1 2 2
3 Marc-Edouard Vlasic P.K. Subban 20 1 2 2
4 Brian Dumoulin John Marino 10 1 2 2
PowerPlay Forward
Center Left Wing Right Wing Time % Phy DF OF
1 Colin White Artemi Panarin Tom Wilson 60 1 2 2
2 Vladislav Namestnikov Andreas Johnsson Rickard Rakell 40 1 2 2
PowerPlay Defense
Defense Defense Time % Phy DF OF
1 Jaden Schwartz P.K. Subban 60 1 2 2
2 Victor Olofsson John Marino 40 1 2 2
Penalty Kill 4 Players Forward
Center Wing Time % Phy DF OF
1 Jordan Staal Tom Wilson 60 1 2 2
2 Anthony Cirelli Zach Parise 40 1 2 2
Penalty Kill 4 Players Defense
Defense Defense Time % Phy DF OF
1 Marc Staal Andrew Peeke 60 1 2 2
2 Marc-Edouard Vlasic Brian Dumoulin 40 1 2 2
Penalty Kill - 3 Players Forward
Forward Time % Phy DF OF
1 Anthony Cirelli 60 1 2 2
2 Zach Parise 40 1 2 2
Penalty Kill - 3 Players Defense
Defense Defense Time % Phy DF OF
1 Marc Staal Andrew Peeke 60 1 2 2
2 Marc-Edouard Vlasic Brian Dumoulin 40 1 2 2
4 vs 4 Forward
Center Wing Time % Phy DF OF
1 Jordan Staal Artemi Panarin 60 1 2 2
2 Anthony Cirelli Tom Wilson 40 1 2 2
4 vs 4 Defense
Defense Defense Time % Phy DF OF
1 Marc Staal Andrew Peeke 60 1 2 2
2 Brian Dumoulin John Marino 40 1 2 2
Last Minutes Offensive
Center Left Wing Right Wing Defense Defense
Jordan Staal Artemi Panarin Tom Wilson Brian Dumoulin John Marino
Last Minutes Defensive
Center Left Wing Right Wing Defense Defense
Jordan Staal Zach Parise Tom Wilson Brian Dumoulin Andrew Peeke
Goaltenders
Starting : Philipp Grubauer
Backup : Casey DeSmith
Extra Forwards
Normal : Rickard Rakell, Artemi Panarin, Jordan Staal - PP : Anthony Cirelli, Zach Parise - PK : Vladislav Namestnikov
Extra Defensemen
Normal : Marc Staal, John Marino, Brian Dumoulin - PP : Marc Staal - PK : John Marino, P.K. Subban
Penalty Shots
Artemi Panarin, Rickard Rakell, Andreas Johnsson, Anthony Cirelli, Victor Olofsson
Minnesota North Stars
5 vs 5 Forward
Center Left Wing Right Wing Time % Phy DF OF
1 Evgeni Malkin Jack Hughes Anthony Duclair 40 1 2 2
2 Jonathan Toews Jeff Skinner Viktor Arvidsson 31 1 2 2
3 Adam Lowry Yegor Sharangovich Gustav Nyquist 24 1 2 2
4 Andrew Poturalski Conor Sheary Nino Niederreiter 5 1 2 2
5 vs 5 Defense
Defense Defense Time % Phy DF OF
1 Rasmus Dahlin Zdeno Chara 40 1 2 2
2 Neal Pionk Gustav Forsling 30 1 2 2
3 Alex Goligoski Nick Holden 20 1 2 2
4 Rasmus Dahlin Zdeno Chara 10 1 2 2
PowerPlay Forward
Center Left Wing Right Wing Time % Phy DF OF
1 Evgeni Malkin Jeff Skinner Anthony Duclair 60 1 2 2
2 Jack Hughes Yegor Sharangovich Viktor Arvidsson 40 1 2 2
PowerPlay Defense
Defense Defense Time % Phy DF OF
1 Rasmus Dahlin Gustav Forsling 60 1 2 2
2 Neal Pionk Alex Goligoski 40 1 2 2
Penalty Kill 4 Players Forward
Center Wing Time % Phy DF OF
1 Jonathan Toews Jack Hughes 60 1 2 2
2 Adam Lowry Gustav Nyquist 40 1 2 2
Penalty Kill 4 Players Defense
Defense Defense Time % Phy DF OF
1 Rasmus Dahlin Zdeno Chara 60 1 2 2
2 Neal Pionk Gustav Forsling 40 1 2 2
Penalty Kill - 3 Players Forward
Forward Time % Phy DF OF
1 Jonathan Toews 60 1 2 2
2 Adam Lowry 40 1 2 2
Penalty Kill - 3 Players Defense
Defense Defense Time % Phy DF OF
1 Nick Holden Zdeno Chara 60 1 2 2
2 Neal Pionk Gustav Forsling 40 1 2 2
4 vs 4 Forward
Center Wing Time % Phy DF OF
1 Evgeni Malkin Jack Hughes 60 1 2 2
2 Jonathan Toews Anthony Duclair 40 1 2 2
4 vs 4 Defense
Defense Defense Time % Phy DF OF
1 Rasmus Dahlin Gustav Forsling 60 1 2 2
2 Neal Pionk Alex Goligoski 40 1 2 2
Last Minutes Offensive
Center Left Wing Right Wing Defense Defense
Evgeni Malkin Jack Hughes Anthony Duclair Rasmus Dahlin Gustav Forsling
Last Minutes Defensive
Center Left Wing Right Wing Defense Defense
Jonathan Toews Adam Lowry Yegor Sharangovich Rasmus Dahlin Gustav Forsling
Goaltenders
Starting : Brian Elliott
Backup : Antti Raanta
Extra Forwards
Normal : Evgeni Malkin, Jack Hughes, Jeff Skinner - PP : Evgeni Malkin, Jack Hughes - PK : Jonathan Toews
Extra Defensemen
Normal : Rasmus Dahlin, Neal Pionk, Gustav Forsling - PP : Rasmus Dahlin - PK : Nick Holden, Neal Pionk
Penalty Shots
Evgeni Malkin, Jack Hughes, Jeff Skinner, Anthony Duclair, Yegor Sharangovich
% Time on Ice - Vegas Golden Knights
Lines # - Real PCT - Wanted PCT - Time Play
Normal Forward
1 - 33% - 40% - 16:27
2 - 29% - 30% - 14:28
3 - 21% - 20% - 10:31
4 - 16% - 10% - 8:03
Normal Defense
1 - 33% - 40% - 16:26
2 - 32% - 30% - 15:50
3 - 33% - 20% - 16:27
4 - 2% - 10% - 0:46
PP Forward
1 - 55% - 60% - 1:25
2 - 45% - 40% - 1:10
PP Defense
1 - 75% - 60% - 1:57
2 - 25% - 40% - 0:38
PK Forward
1 - 71% - 60% - 5:40
2 - 29% - 40% - 2:16
PK Defense
1 - 49% - 60% - 3:53
2 - 51% - 40% - 4:03
PK3 Forward
1 - 0% - 60%
2 - 0% - 40%
PK3 Defense
1 - 0% - 60%
2 - 0% - 40%
44 Forward
1 - 88% - 60% - 4:23
2 - 12% - 40% - 0:37
44 Defense
1 - 65% - 60% - 3:15
2 - 35% - 40% - 1:45
Last Minute Offensive - 0:00
Last Minute Defensive - 0:00
Total
Forward - 65:00
Defense - 65:00
|
% Time on Ice - Minnesota North Stars
Lines # - Real PCT - Wanted PCT - Time Play
Normal Forward
1 - 35% - 40% - 17:32
2 - 27% - 31% - 13:34
3 - 21% - 24% - 10:18
4 - 16% - 5% - 8:05
Normal Defense
1 - 42% - 40% - 20:36
2 - 26% - 30% - 12:55
3 - 27% - 20% - 13:15
4 - 5% - 10% - 2:43
PP Forward
1 - 56% - 60% - 4:28
2 - 44% - 40% - 3:28
PP Defense
1 - 54% - 60% - 4:16
2 - 46% - 40% - 3:40
PK Forward
1 - 92% - 60% - 2:22
2 - 8% - 40% - 0:13
PK Defense
1 - 69% - 60% - 1:47
2 - 31% - 40% - 0:48
PK3 Forward
1 - 0% - 60%
2 - 0% - 40%
PK3 Defense
1 - 0% - 60%
2 - 0% - 40%
44 Forward
1 - 81% - 60% - 4:02
2 - 19% - 40% - 0:58
44 Defense
1 - 78% - 60% - 3:55
2 - 22% - 40% - 1:05
Last Minute Offensive - 0:00
Last Minute Defensive - 0:00
Total
Forward - 65:00
Defense - 65:00
|
Play-by-Play
1st period
0:01 of 1st period - Evgeni Malkin wins face-off versus Jordan Staal in neutral zone.
0:06 of 1st period - Snap shot by Jack Hughes.
0:06 of 1st period - Stopped by Philipp Grubauer with a rebound.
0:35 of 1st period - Slapshot by Viktor Arvidsson.
0:35 of 1st period - Shot Misses the Net.
0:49 of 1st period - Vladislav Namestnikov is hit by Adam Lowry.
1:28 of 1st period - Anthony Duclair is hit by Marc-Edouard Vlasic and loses puck.
1:35 of 1st period - Slapshot by Artemi Panarin.
1:35 of 1st period - Shot Misses the Net.
1:52 of 1st period - Icing by Brian Dumoulin.
1:53 of 1st period - Adam Lowry wins face-off versus Anthony Cirelli in Vegas Golden Knights zone.
2:57 of 1st period - Wrist shot by Rickard Rakell.
2:57 of 1st period - Shot Blocked by Nick Holden.
2:59 of 1st period - Snap shot by Brian Dumoulin.
2:59 of 1st period - Stopped by Brian Elliott with a rebound.
3:01 of 1st period - Slapshot by John Marino.
3:01 of 1st period - Shot Blocked by Jack Hughes.
3:15 of 1st period - Snap shot by Rickard Rakell.
3:15 of 1st period - Deflect By Jaden Schwartz.
3:15 of 1st period - Stopped by Brian Elliott without a rebound.
3:16 of 1st period - Adam Lowry wins face-off versus Artemi Panarin in Minnesota North Stars zone.
3:33 of 1st period - Snap shot by Artemi Panarin.
3:33 of 1st period - Stopped by Brian Elliott without a rebound.
3:34 of 1st period - Jonathan Toews wins face-off versus Vladislav Namestnikov in Minnesota North Stars zone.
4:42 of 1st period - Nino Niederreiter is hit by Vladislav Namestnikov and loses puck.
4:47 of 1st period - Snap shot by Zach Parise.
4:47 of 1st period - Shot Blocked by Rasmus Dahlin.
5:03 of 1st period - John Marino is hit by Zdeno Chara and loses puck.
5:08 of 1st period - Snap shot by Jeff Skinner.
5:08 of 1st period - Shot Blocked by John Marino.
5:37 of 1st period - Off-side.
5:38 of 1st period - Jordan Staal wins face-off versus Evgeni Malkin in neutral zone.
5:54 of 1st period - Icing by Jack Hughes.
5:55 of 1st period - Vladislav Namestnikov wins face-off versus Evgeni Malkin in Minnesota North Stars zone.
6:04 of 1st period - Wrist shot by Anthony Duclair.
6:04 of 1st period - Shot Misses the Net.
6:24 of 1st period - Snap shot by Gustav Nyquist.
6:24 of 1st period - Shot Misses the Net.
6:26 of 1st period - Slapshot by Rasmus Dahlin.
6:26 of 1st period - Shot Blocked by Jordan Staal.
6:28 of 1st period - Snap shot by Gustav Nyquist.
6:28 of 1st period - Stopped by Philipp Grubauer without a rebound.
6:29 of 1st period - Vladislav Namestnikov wins face-off versus Jonathan Toews in Vegas Golden Knights zone.
6:36 of 1st period - Snap shot by Jonathan Drouin.
6:36 of 1st period - Stopped by Brian Elliott without a rebound.
6:37 of 1st period - Jonathan Toews wins face-off versus Vladislav Namestnikov in Minnesota North Stars zone.
7:04 of 1st period - Wrist shot by Jeff Skinner.
7:04 of 1st period - Stopped by Philipp Grubauer without a rebound.
7:05 of 1st period - Evgeni Malkin wins face-off versus Jordan Staal in Vegas Golden Knights zone.
7:16 of 1st period - Slapshot by Evgeni Malkin.
7:16 of 1st period - Goal by Evgeni Malkin - Vegas Golden Knights : 0 - Minnesota North Stars : 1.
7:17 of 1st period - Jordan Staal wins face-off versus Adam Lowry in neutral zone.
7:43 of 1st period - Anthony Cirelli is hit by Evgeni Malkin and loses puck.
8:08 of 1st period - Slapshot by Viktor Arvidsson.
8:08 of 1st period - Shot Misses the Net.
8:30 of 1st period - Off-side.
8:31 of 1st period - Colin White wins face-off versus Nino Niederreiter in neutral zone.
8:38 of 1st period - Backhand shot by Colin White.
8:38 of 1st period - Shot Blocked by Rasmus Dahlin.
8:40 of 1st period - Snap shot by Victor Olofsson.
8:40 of 1st period - Shot Misses the Net.
9:00 of 1st period - Off-side.
9:01 of 1st period - Jordan Staal wins face-off versus Evgeni Malkin in neutral zone.
9:05 of 1st period - Minor Penalty to Gustav Forsling for Interference.
9:06 of 1st period - Colin White wins face-off versus Jonathan Toews in Minnesota North Stars zone.
9:34 of 1st period - Vladislav Namestnikov is hit by Rasmus Dahlin and loses puck.
9:41 of 1st period - Slapshot by Jaden Schwartz.
9:41 of 1st period - Goal by Jaden Schwartz - Vegas Golden Knights : 1 - Minnesota North Stars : 1.
9:42 of 1st period - Jordan Staal wins face-off versus Jack Hughes in neutral zone.
10:21 of 1st period - Slapshot by Jonathan Drouin.
10:21 of 1st period - Shot Misses the Net.
11:11 of 1st period - Zdeno Chara is hit by Tom Wilson and loses puck.
11:32 of 1st period - Yegor Sharangovich is hit by Vladislav Namestnikov and loses puck.
11:37 of 1st period - Snap shot by Jonathan Drouin.
11:37 of 1st period - Stopped by Brian Elliott without a rebound.
11:38 of 1st period - Jonathan Toews wins face-off versus Anthony Cirelli in Minnesota North Stars zone.
11:49 of 1st period - Wrist shot by Rickard Rakell.
11:49 of 1st period - Shot Blocked by Jonathan Toews.
13:13 of 1st period - Snap shot by Rickard Rakell.
13:13 of 1st period - Shot Misses the Net.
13:23 of 1st period - Wrist shot by Andrew Poturalski.
13:23 of 1st period - Shot Misses the Net.
13:25 of 1st period - Snap shot by Conor Sheary.
13:25 of 1st period - Stopped by Philipp Grubauer with a rebound.
13:37 of 1st period - Snap shot by Conor Sheary.
13:37 of 1st period - Goal by Conor Sheary - Vegas Golden Knights : 1 - Minnesota North Stars : 2.
13:38 of 1st period - Jordan Staal wins face-off versus Evgeni Malkin in neutral zone.
15:39 of 1st period - Snap shot by Jonathan Toews.
15:39 of 1st period - Stopped by Philipp Grubauer with a rebound.
15:41 of 1st period - Slapshot by Neal Pionk.
15:41 of 1st period - Deflect By Tom Wilson.
15:41 of 1st period - Stopped by Philipp Grubauer with a rebound.
15:43 of 1st period - Slapshot by Jeff Skinner.
15:43 of 1st period - Stopped by Philipp Grubauer with a rebound.
15:45 of 1st period - Snap shot by Jonathan Toews.
15:45 of 1st period - Stopped by Philipp Grubauer without a rebound.
15:46 of 1st period - Anthony Cirelli wins face-off versus Evgeni Malkin in Vegas Golden Knights zone.
15:51 of 1st period - Rasmus Dahlin is hit by Rickard Rakell and loses puck.
16:24 of 1st period - Wrist shot by Zach Parise.
16:24 of 1st period - Stopped by Brian Elliott with a rebound.
16:26 of 1st period - Slapshot by Andrew Peeke.
16:26 of 1st period - Shot Blocked by Rasmus Dahlin.
16:51 of 1st period - Slapshot by Rasmus Dahlin.
16:51 of 1st period - Stopped by Philipp Grubauer with a rebound.
16:59 of 1st period - Minor Penalty to Andrew Peeke for Interference.
17:00 of 1st period - Jordan Staal wins face-off versus Evgeni Malkin in Vegas Golden Knights zone.
17:36 of 1st period - Icing by Yegor Sharangovich.
17:37 of 1st period - Anthony Cirelli wins face-off versus Jack Hughes in Minnesota North Stars zone.
18:26 of 1st period - Marc Staal is hit by Rasmus Dahlin and loses puck.
18:38 of 1st period - Icing by Jack Hughes.
18:39 of 1st period - Jordan Staal wins face-off versus Jack Hughes in Minnesota North Stars zone.
18:59 of 1st period - Penalty to Andrew Peeke is over, Andrew Peeke is back on ice.
19:16 of 1st period - Wrist shot by Anthony Cirelli.
19:16 of 1st period - Stopped by Brian Elliott with a rebound.
19:18 of 1st period - Backhand shot by Brian Dumoulin.
19:18 of 1st period - Deflect By Zach Parise.
19:18 of 1st period - Shot Misses the Net.
19:18 of 1st period - Puck is out of play.
19:19 of 1st period - Evgeni Malkin wins face-off versus Victor Olofsson in Minnesota North Stars zone.
Goals for this period are 1 for Vegas Golden Knights vs 2 for Minnesota North Stars.
Shots for this period are 8 for Vegas Golden Knights vs 11 for Minnesota North Stars.
2nd period
0:01 of 2nd period - Evgeni Malkin wins face-off versus Jordan Staal in neutral zone.
0:08 of 2nd period - Slapshot by Rasmus Dahlin.
0:08 of 2nd period - Shot Hit the Post.
0:10 of 2nd period - Slapshot by Rasmus Dahlin.
0:10 of 2nd period - Stopped by Philipp Grubauer with a rebound.
0:12 of 2nd period - Wrist shot by Anthony Duclair.
0:12 of 2nd period - Shot Misses the Net.
0:14 of 2nd period - Snap shot by Jack Hughes.
0:14 of 2nd period - Stopped by Philipp Grubauer with a rebound.
0:16 of 2nd period - Slapshot by Rasmus Dahlin.
0:16 of 2nd period - Shot Misses the Net.
0:26 of 2nd period - Jonathan Toews is hit by Brian Dumoulin.
0:36 of 2nd period - Snap shot by Jonathan Toews.
0:36 of 2nd period - Shot Blocked by John Marino.
1:29 of 2nd period - Minor Penalty to Marc Staal for Hooking.
1:30 of 2nd period - Evgeni Malkin wins face-off versus Jordan Staal in Vegas Golden Knights zone.
2:23 of 2nd period - Zach Parise is hit by Yegor Sharangovich and loses puck.
2:38 of 2nd period - Icing by Evgeni Malkin.
2:39 of 2nd period - Evgeni Malkin wins face-off versus Tom Wilson in Minnesota North Stars zone.
2:48 of 2nd period - Wrist shot by Evgeni Malkin.
2:48 of 2nd period - Shot Blocked by Tom Wilson.
3:04 of 2nd period - Snap shot by Anthony Duclair.
3:04 of 2nd period - Shot Misses the Net.
3:06 of 2nd period - Wrist shot by Evgeni Malkin.
3:06 of 2nd period - Shot Blocked by Brian Dumoulin.
3:08 of 2nd period - Snap shot by Jeff Skinner.
3:08 of 2nd period - Shot Blocked by Marc-Edouard Vlasic.
3:08 of 2nd period - Marc-Edouard Vlasic from Vegas Golden Knights is injured at 3:08 of 2nd period (Left Knee).
3:09 of 2nd period - Evgeni Malkin wins face-off versus Jordan Staal in Vegas Golden Knights zone.
3:14 of 2nd period - Slapshot by Jeff Skinner.
3:14 of 2nd period - Shot Blocked by Andrew Peeke.
3:29 of 2nd period - Penalty to Marc Staal is over, Marc Staal is back on ice.
3:34 of 2nd period - John Marino is hit by Rasmus Dahlin and loses puck.
3:52 of 2nd period - Icing by Andrew Peeke.
3:53 of 2nd period - Andrew Poturalski wins face-off versus Jaden Schwartz in Vegas Golden Knights zone.
4:10 of 2nd period - Snap shot by Rickard Rakell.
4:10 of 2nd period - Shot Misses the Net.
4:12 of 2nd period - Slapshot by John Marino.
4:12 of 2nd period - Shot Misses the Net.
4:14 of 2nd period - Snap shot by Anthony Cirelli.
4:14 of 2nd period - Shot Blocked by Alex Goligoski.
4:16 of 2nd period - Snap shot by Andrew Peeke.
4:16 of 2nd period - Stopped by Brian Elliott with a rebound.
4:18 of 2nd period - Slapshot by Andrew Peeke.
4:18 of 2nd period - Stopped by Brian Elliott without a rebound.
4:19 of 2nd period - Jordan Staal wins face-off versus Jonathan Toews in Minnesota North Stars zone.
4:44 of 2nd period - Gustav Nyquist is hit by P.K. Subban and loses puck.
5:35 of 2nd period - Snap shot by Rickard Rakell.
5:35 of 2nd period - Stopped by Brian Elliott with a rebound.
5:37 of 2nd period - Slapshot by Marc Staal.
5:37 of 2nd period - Shot Blocked by Nick Holden.
5:47 of 2nd period - Snap shot by Jonathan Drouin.
5:47 of 2nd period - Shot Misses the Net.
5:49 of 2nd period - Snap shot by Zach Parise.
5:49 of 2nd period - Stopped by Brian Elliott with a rebound.
5:51 of 2nd period - Slapshot by Brian Dumoulin.
5:51 of 2nd period - Stopped by Brian Elliott without a rebound.
5:52 of 2nd period - Vladislav Namestnikov wins face-off versus Evgeni Malkin in Minnesota North Stars zone.
6:15 of 2nd period - Minor Penalty to John Marino for Hooking.
6:16 of 2nd period - Jordan Staal wins face-off versus Evgeni Malkin in Vegas Golden Knights zone.
6:25 of 2nd period - Rasmus Dahlin is hit by Tom Wilson and loses puck.
7:42 of 2nd period - Zach Parise is hit by Rasmus Dahlin and loses puck.
8:15 of 2nd period - Penalty to John Marino is over, John Marino is back on ice.
8:25 of 2nd period - Rasmus Dahlin is hit by John Marino and loses puck.
8:50 of 2nd period - Jeff Skinner is hit by P.K. Subban and loses puck.
9:05 of 2nd period - Neal Pionk is hit by Andrew Peeke and loses puck.
9:30 of 2nd period - Brian Dumoulin is hit by Gustav Nyquist.
9:46 of 2nd period - Evgeni Malkin is hit by John Marino and loses puck.
10:04 of 2nd period - Icing by Artemi Panarin.
10:05 of 2nd period - Jordan Staal wins face-off versus Andrew Poturalski in Vegas Golden Knights zone.
10:37 of 2nd period - Wrist shot by Evgeni Malkin.
10:37 of 2nd period - Stopped by Philipp Grubauer with a rebound.
10:39 of 2nd period - Slapshot by Gustav Forsling.
10:39 of 2nd period - Stopped by Philipp Grubauer without a rebound.
10:40 of 2nd period - Anthony Cirelli wins face-off versus Jonathan Toews in Vegas Golden Knights zone.
10:40 of 2nd period - Anthony Cirelli is hit by Jeff Skinner.
10:46 of 2nd period - Snap shot by Jaden Schwartz.
10:46 of 2nd period - Shot Misses the Net.
10:48 of 2nd period - Snap shot by Rickard Rakell.
10:48 of 2nd period - Stopped by Brian Elliott with a rebound.
10:50 of 2nd period - Wrist shot by Jaden Schwartz.
10:50 of 2nd period - Shot Misses the Net.
10:52 of 2nd period - Slapshot by Jaden Schwartz.
10:52 of 2nd period - Shot Misses the Net.
10:54 of 2nd period - Slapshot by Marc Staal.
10:54 of 2nd period - Deflect By Jaden Schwartz.
10:54 of 2nd period - Stopped by Brian Elliott without a rebound.
10:55 of 2nd period - Jordan Staal wins face-off versus Evgeni Malkin in Minnesota North Stars zone.
11:00 of 2nd period - Wrist shot by Artemi Panarin.
11:00 of 2nd period - Shot Blocked by Anthony Duclair.
11:22 of 2nd period - Viktor Arvidsson is hit by Anthony Cirelli and loses puck.
11:29 of 2nd period - Wrist shot by Anthony Cirelli.
11:29 of 2nd period - Shot Misses the Net.
11:51 of 2nd period - Neal Pionk is hit by Vladislav Namestnikov.
12:30 of 2nd period - Zdeno Chara is hit by Anthony Cirelli and loses puck.
13:12 of 2nd period - Jonathan Drouin is hit by Anthony Duclair and loses puck.
13:17 of 2nd period - Snap shot by Evgeni Malkin.
13:17 of 2nd period - Stopped by Philipp Grubauer with a rebound.
13:19 of 2nd period - Slapshot by Alex Goligoski.
13:19 of 2nd period - Shot Blocked by Jonathan Drouin.
13:21 of 2nd period - Backhand shot by Nick Holden.
13:21 of 2nd period - Shot Misses the Net.
13:35 of 2nd period - Wrist shot by Yegor Sharangovich.
13:35 of 2nd period - Stopped by Philipp Grubauer without a rebound.
13:36 of 2nd period - Jonathan Toews wins face-off versus Colin White in Vegas Golden Knights zone.
13:42 of 2nd period - Snap shot by Jonathan Toews.
13:42 of 2nd period - Shot Misses the Net.
13:52 of 2nd period - Slapshot by Viktor Arvidsson.
13:52 of 2nd period - Stopped by Philipp Grubauer without a rebound.
13:53 of 2nd period - Jordan Staal wins face-off versus Evgeni Malkin in Vegas Golden Knights zone.
15:04 of 2nd period - Wrist shot by Colin White.
15:04 of 2nd period - Shot Misses the Net.
15:06 of 2nd period - Wrist shot by Colin White.
15:06 of 2nd period - Stopped by Brian Elliott with a rebound.
15:08 of 2nd period - Slapshot by Marc Staal.
15:08 of 2nd period - Deflect By Andrew Poturalski.
15:08 of 2nd period - Stopped by Brian Elliott without a rebound.
15:09 of 2nd period - Jordan Staal wins face-off versus Evgeni Malkin in Minnesota North Stars zone.
15:14 of 2nd period - Wrist shot by Tom Wilson.
15:14 of 2nd period - Shot Misses the Net.
15:16 of 2nd period - Slapshot by Marc Staal.
15:16 of 2nd period - Stopped by Brian Elliott without a rebound.
15:17 of 2nd period - Jordan Staal wins face-off versus Evgeni Malkin in Minnesota North Stars zone.
16:14 of 2nd period - Wrist shot by Artemi Panarin.
16:14 of 2nd period - Stopped by Brian Elliott without a rebound.
16:15 of 2nd period - Jonathan Toews wins face-off versus Anthony Cirelli in Minnesota North Stars zone.
16:15 of 2nd period - Jonathan Toews is hit by Anthony Cirelli.
16:24 of 2nd period - Off-side.
16:25 of 2nd period - Anthony Cirelli wins face-off versus Jonathan Toews in neutral zone.
16:28 of 2nd period - Jonathan Toews is hit by Anthony Cirelli and loses puck.
16:35 of 2nd period - Wrist shot by Rickard Rakell.
16:35 of 2nd period - Shot Misses the Net.
16:37 of 2nd period - Slapshot by John Marino.
16:37 of 2nd period - Shot Blocked by Jeff Skinner.
16:39 of 2nd period - Slapshot by Brian Dumoulin.
16:39 of 2nd period - Stopped by Brian Elliott without a rebound.
16:40 of 2nd period - Adam Lowry wins face-off versus Vladislav Namestnikov in Minnesota North Stars zone.
16:53 of 2nd period - Snap shot by Vladislav Namestnikov.
16:53 of 2nd period - Shot Blocked by Gustav Forsling.
16:55 of 2nd period - Snap shot by Jonathan Drouin.
16:55 of 2nd period - Goal by Jonathan Drouin - Vegas Golden Knights : 2 - Minnesota North Stars : 2.
16:56 of 2nd period - Evgeni Malkin wins face-off versus Artemi Panarin in neutral zone.
16:58 of 2nd period - Minor Penalty to Anthony Duclair for Holding Stick.
16:59 of 2nd period - Jonathan Toews wins face-off versus Colin White in Minnesota North Stars zone.
17:25 of 2nd period - Jaden Schwartz is hit by Jonathan Toews and loses puck.
17:32 of 2nd period - Zdeno Chara is hit by Rickard Rakell and loses puck.
18:43 of 2nd period - P.K. Subban is hit by Rasmus Dahlin and loses puck.
18:58 of 2nd period - Penalty to Anthony Duclair is over, Anthony Duclair is back on ice.
19:19 of 2nd period - Snap shot by Evgeni Malkin.
19:19 of 2nd period - Shot Misses the Net.
19:55 of 2nd period - Jonathan Drouin is hit by Evgeni Malkin and loses puck.
Goals for this period are 1 for Vegas Golden Knights vs 0 for Minnesota North Stars.
Shots for this period are 13 for Vegas Golden Knights vs 7 for Minnesota North Stars.
3rd period
0:01 of 3rd period - Evgeni Malkin wins face-off versus Tom Wilson in neutral zone.
0:30 of 3rd period - Viktor Arvidsson is hit by John Marino and loses puck.
1:11 of 3rd period - Wrist shot by Evgeni Malkin.
1:11 of 3rd period - Shot Misses the Net.
1:36 of 3rd period - Jordan Staal is hit by Jonathan Toews and loses puck.
1:55 of 3rd period - Marc Staal is hit by Adam Lowry and loses puck.
2:02 of 3rd period - Anthony Cirelli is hit by Yegor Sharangovich and loses puck.
2:13 of 3rd period - Anthony Duclair is hit by Vladislav Namestnikov and loses puck.
2:43 of 3rd period - Victor Olofsson is hit by Conor Sheary and loses puck.
2:58 of 3rd period - Nick Holden is hit by Tom Wilson and loses puck.
3:09 of 3rd period - Snap shot by Tom Wilson.
3:09 of 3rd period - Stopped by Brian Elliott with a rebound.
3:45 of 3rd period - Wrist shot by Anthony Duclair.
3:45 of 3rd period - Stopped by Philipp Grubauer with a rebound.
4:10 of 3rd period - Snap shot by Nino Niederreiter.
4:10 of 3rd period - Stopped by Philipp Grubauer with a rebound.
4:28 of 3rd period - Snap shot by Viktor Arvidsson.
4:28 of 3rd period - Shot Blocked by Colin White.
4:52 of 3rd period - Slapshot by Jaden Schwartz.
4:52 of 3rd period - Shot Blocked by Jeff Skinner.
4:54 of 3rd period - Backhand shot by Rickard Rakell.
4:54 of 3rd period - Stopped by Brian Elliott without a rebound.
4:55 of 3rd period - Evgeni Malkin wins face-off versus Zach Parise in Minnesota North Stars zone.
5:23 of 3rd period - Alex Goligoski is hit by Rickard Rakell and loses puck.
6:36 of 3rd period - Off-side.
6:37 of 3rd period - Adam Lowry wins face-off versus Vladislav Namestnikov in neutral zone.
6:56 of 3rd period - Minor Penalty to Vladislav Namestnikov for Hooking.
6:57 of 3rd period - Evgeni Malkin wins face-off versus Jordan Staal in Vegas Golden Knights zone.
7:34 of 3rd period - Icing by Viktor Arvidsson.
7:35 of 3rd period - Jordan Staal wins face-off versus Jack Hughes in Minnesota North Stars zone.
8:56 of 3rd period - Penalty to Vladislav Namestnikov is over, Vladislav Namestnikov is back on ice.
9:30 of 3rd period - Marc Staal is hit by Zdeno Chara and loses puck.
10:00 of 3rd period - Wrist shot by Rickard Rakell.
10:00 of 3rd period - Shot Hit the Post.
10:02 of 3rd period - Snap shot by Anthony Cirelli.
10:02 of 3rd period - Stopped by Brian Elliott without a rebound.
10:03 of 3rd period - Andrew Poturalski wins face-off versus Anthony Cirelli in Minnesota North Stars zone.
10:03 of 3rd period - Andrew Poturalski is hit by Jaden Schwartz.
10:15 of 3rd period - Snap shot by Rickard Rakell.
10:15 of 3rd period - Stopped by Brian Elliott without a rebound.
10:16 of 3rd period - Jordan Staal wins face-off versus Anthony Duclair in Minnesota North Stars zone.
10:19 of 3rd period - Snap shot by Artemi Panarin.
10:19 of 3rd period - Stopped by Brian Elliott without a rebound.
10:20 of 3rd period - Evgeni Malkin wins face-off versus Artemi Panarin in Minnesota North Stars zone.
10:51 of 3rd period - Snap shot by Jaden Schwartz.
10:51 of 3rd period - Shot Hit the Post.
10:53 of 3rd period - Wrist shot by Jaden Schwartz.
10:53 of 3rd period - Shot Misses the Net.
10:55 of 3rd period - Wrist shot by Rickard Rakell.
10:55 of 3rd period - Deflect By Anthony Cirelli.
10:55 of 3rd period - Shot Blocked by Viktor Arvidsson.
10:55 of 3rd period - Puck is out of play.
10:56 of 3rd period - Anthony Cirelli wins face-off versus Adam Lowry in Minnesota North Stars zone.
10:57 of 3rd period - Wrist shot by Rickard Rakell.
10:57 of 3rd period - Shot Misses the Net.
10:59 of 3rd period - Slapshot by Andrew Peeke.
10:59 of 3rd period - Stopped by Brian Elliott with a rebound.
11:01 of 3rd period - Backhand shot by Rickard Rakell.
11:01 of 3rd period - Shot Misses the Net.
11:03 of 3rd period - Snap shot by Rickard Rakell.
11:03 of 3rd period - Deflect By Jaden Schwartz.
11:03 of 3rd period - Stopped by Brian Elliott with a rebound.
11:05 of 3rd period - Slapshot by Anthony Cirelli.
11:05 of 3rd period - Shot Hit the Post.
11:07 of 3rd period - Slapshot by Andrew Peeke.
11:07 of 3rd period - Shot Blocked by Gustav Forsling.
11:09 of 3rd period - Snap shot by Marc Staal.
11:09 of 3rd period - Shot Misses the Net.
11:11 of 3rd period - Slapshot by Marc Staal.
11:11 of 3rd period - Stopped by Brian Elliott without a rebound.
11:12 of 3rd period - Evgeni Malkin wins face-off versus Tom Wilson in Minnesota North Stars zone.
11:20 of 3rd period - Snap shot by Artemi Panarin.
11:20 of 3rd period - Stopped by Brian Elliott without a rebound.
11:21 of 3rd period - Jordan Staal wins face-off versus Evgeni Malkin in Minnesota North Stars zone.
11:34 of 3rd period - Slapshot by Tom Wilson.
11:34 of 3rd period - Stopped by Brian Elliott with a rebound.
11:35 of 3rd period - Zdeno Chara and Tom Wilson fight to a draw.
11:35 of 3rd period - Penalty to Zdeno Chara for Fighting.
11:35 of 3rd period - Penalty to Tom Wilson for Fighting.
11:36 of 3rd period - Jordan Staal wins face-off versus Evgeni Malkin in Minnesota North Stars zone.
12:36 of 3rd period - Snap shot by Victor Olofsson.
12:36 of 3rd period - Shot Misses the Net.
12:56 of 3rd period - Wrist shot by Anthony Duclair.
12:56 of 3rd period - Shot Blocked by Andreas Johnsson.
12:58 of 3rd period - Snap shot by Evgeni Malkin.
12:58 of 3rd period - Shot Blocked by P.K. Subban.
13:49 of 3rd period - Gustav Forsling is hit by Anthony Cirelli and loses puck.
14:50 of 3rd period - Anthony Cirelli is hit by Jonathan Toews and loses puck.
15:01 of 3rd period - Wrist shot by Colin White.
15:01 of 3rd period - Shot Misses the Net.
15:26 of 3rd period - Jordan Staal is hit by Jonathan Toews and loses puck.
15:44 of 3rd period - Yegor Sharangovich is hit by Zach Parise and loses puck.
16:39 of 3rd period - Colin White is hit by Nino Niederreiter and loses puck.
16:50 of 3rd period - Wrist shot by Conor Sheary.
16:50 of 3rd period - Stopped by Philipp Grubauer with a rebound.
16:52 of 3rd period - Slapshot by Nick Holden.
16:52 of 3rd period - Deflect By Conor Sheary.
16:52 of 3rd period - Stopped by Philipp Grubauer with a rebound.
16:54 of 3rd period - Backhand shot by Nick Holden.
16:54 of 3rd period - Shot Misses the Net.
16:56 of 3rd period - Slapshot by Nick Holden.
16:56 of 3rd period - Shot Blocked by Jaden Schwartz.
16:58 of 3rd period - Slapshot by Nick Holden.
16:58 of 3rd period - Deflect By Artemi Panarin.
16:58 of 3rd period - Stopped by Philipp Grubauer without a rebound.
16:59 of 3rd period - Adam Lowry wins face-off versus Vladislav Namestnikov in Vegas Golden Knights zone.
17:00 of 3rd period - Snap shot by Gustav Nyquist.
17:00 of 3rd period - Shot Hit the Post.
17:43 of 3rd period - Snap shot by Viktor Arvidsson.
17:43 of 3rd period - Stopped by Philipp Grubauer with a rebound.
19:36 of 3rd period - Icing by Evgeni Malkin.
19:37 of 3rd period - Evgeni Malkin wins face-off versus Anthony Cirelli in Minnesota North Stars zone.
Goals for this period are 0 for Vegas Golden Knights vs 0 for Minnesota North Stars.
Shots for this period are 10 for Vegas Golden Knights vs 6 for Minnesota North Stars.
Overtime #1
0:01 of 1st overtime period - Jordan Staal wins face-off versus Evgeni Malkin in neutral zone.
1:21 of 1st overtime period - Wrist shot by Jaden Schwartz.
1:21 of 1st overtime period - Shot Misses the Net.
2:08 of 1st overtime period - Wrist shot by Anthony Duclair.
2:08 of 1st overtime period - Shot Misses the Net.
2:57 of 1st overtime period - P.K. Subban is hit by Anthony Duclair and loses puck.
3:06 of 1st overtime period - Slapshot by Anthony Duclair.
3:06 of 1st overtime period - Shot Blocked by P.K. Subban.
3:08 of 1st overtime period - Slapshot by Zdeno Chara.
3:08 of 1st overtime period - Stopped by Philipp Grubauer with a rebound.
Goals for this period are 0 for Vegas Golden Knights vs 0 for Minnesota North Stars.
Shots for this period are 0 for Vegas Golden Knights vs 1 for Minnesota North Stars.
ShootOut
5:00 of 1st overtime period - Round #1.
5:00 of 1st overtime period - Vegas Golden Knights, Artemi Panarin.
5:00 of 1st overtime period - Backhand shot by Artemi Panarin.
5:00 of 1st overtime period - Stopped by Brian Elliott.
5:00 of 1st overtime period - Minnesota North Stars, Evgeni Malkin.
5:00 of 1st overtime period - Snap shot by Evgeni Malkin.
5:00 of 1st overtime period - Goal by Evgeni Malkin.
5:00 of 1st overtime period - Round #2.
5:00 of 1st overtime period - Vegas Golden Knights, Rickard Rakell.
5:00 of 1st overtime period - Snap shot by Rickard Rakell.
5:00 of 1st overtime period - Stopped by Brian Elliott.
5:00 of 1st overtime period - Minnesota North Stars, Jack Hughes.
5:00 of 1st overtime period - Deke by Jack Hughes.
5:00 of 1st overtime period - Goal by Jack Hughes.
5:00 of 1st overtime period - Round #3.
Back to the Top